 Dungeon Crawl Stone Soup version bcrawl-1.27.5 (console) character file.

Game seed: 675696443318750976

105270 FIQ the Cudgeler (level 4, -1/32 HPs)
             Began as a Demonspawn Archaeologist on Aug 13, 2020.
             Slain by a hound (3 damage)
             ... on level 3 of the Dungeon.
             The game lasted 00:03:37 (2535 turns).

FIQ the Cudgeler (Demonspawn Archaeologist)         Turns: 2535, Time: 00:03:37

Health: -1/32      AC:  9    Str: 12    XL:     4   Next: 26%
Magic:  4/4        EV: 18    Int: 13    God:
Gold:   163        SH:  0    Dex: 17    Spells: 3/3 levels left

rFire    . . .     SeeInvis .   a - +0 whip
rCold    + . .     Gourm    .   (no shield)
rNeg     . . .     Faith    .   b - +1 robe
rPois    .         Spirit   .   c - +1 hat
rElec    .         Reflect  .   (no cloak)
rCorr    .         Harm     .   (no gloves)
MR       .....                  d - +1 pair of boots
Stlth    +++.......             (no amulet)
HPRegen  0.10/turn              (no ring)
MPRegen  0.09/turn              (no ring)

@: agile
A: antennae 1, molten scales 2, cold resistance 1, dopey 1
a: no special abilities


You were on level 3 of the Dungeon.
You were hungry.

You visited 1 branch of the dungeon, and saw 3 of its levels.

You collected 163 gold pieces.

Inventory:

Hand Weapons
 a - a +0 whip (weapon)
Armour
 b - a +1 robe (worn)
 c - a +1 hat (worn)
 d - a +1 pair of boots (worn)
Scrolls
 g - 3 scrolls of magic mapping
 h - a scroll of enchant weapon {unknown}
 i - 3 scrolls of remove curse {unknown}
 o - a scroll of enchant armour {unknown}
Potions
 k - a potion of curing
 m - a potion of agility
Miscellaneous
 f - a dusty tome
Comestibles
 e - 5 rations {!d}


   Skills:
 - Level 1.0 Fighting
 + Level 3.8 Maces & Flails
 - Level 2.6 Dodging
 - Level 3.0 Stealth


You had 3 spell levels left.
You didn't know any spells.
Your spell library was empty.

Dungeon Overview and Level Annotations

Branches:
Dungeon (3/12)

Altars:

Annotations:
D:3 3 runed translucent doors, zzzzzzzz's ghost, amateur OpFi


Innate Abilities, Weirdness & Mutations

You have a pair of small antennae on your head.
You are mostly covered in molten scales. (AC +3)
Your flesh is cold resistant. (rC+)
You are dopey. (Int -2)


Message History

The hound barely misses you.
You feel agile all of a sudden. The hound closely misses you.
The hound bites you but does no damage. The kobold misses you.
The hound misses you. The hound bites you but does no damage.
You barely miss the hound.
The hound is heavily wounded.
The hound bites you but does no damage.
You closely miss the hound.
The hound is heavily wounded.
The hound bites you.
* * * LOW HITPOINT WARNING * * *
The hound barely misses you.
You closely miss the hound.
The hound is heavily wounded.
The hound barely misses you.
You hit the hound.
The hound is severely wounded.
The hound bites you.
You die...

# #.#.##)....#
#.#####K#.# .....#
#.......#.. .......
######.#######.......
#.......# ##.####
#.####..# .# #.# #..#
.# #.# ##..# #.#
#.{.# #.# #.#h# #
#.###.@.# #
#.......#### ##
####.......+ '.
##...#### # #..## #
#.## # #.# .. #.# #'#
#.# #.# #.# #.# #.#
##.######


You could see a hound.

Vanquished Creatures
  An ooze (D:1)
  4 dart slugs
  7 leopard geckos
  4 orcs
  A ball python (D:1)
  4 goblins (D:2)
  8 hobgoblins
  3 jackals (D:2)
  8 kobolds
  2 quokkas
  5 bats
  3 frilled lizards
  7 rats
57 creatures vanquished.

Notes
Turn   | Place    | Note
-------+----------+-------------------------------------------
     0 | D:1      | FIQ the Demonspawn Archaeologist began the quest for the
                  | Orb.
     0 | D:1      | Reached XP level 1. HP: 15/15 MP: 1/1
   117 | D:1      | Reached skill level 1 in Maces & Flails
   199 | D:1      | Gained mutation: You are partially covered in molten
                  | scales. (AC +2) [demonic ancestry]
   199 | D:1      | Reached XP level 2. HP: 3/21 MP: 2/2
   708 | D:1      | Gained mutation: You are mostly covered in molten scales.
                  | (AC +3) [demonic ancestry]
   708 | D:1      | Reached XP level 3. HP: 26/26 MP: 3/3
  1735 | D:2      | Gained mutation: You have a pair of small antennae on your
                  | head. [demonic ancestry]
  1735 | D:2      | Reached XP level 4. HP: 30/32 MP: 4/4
  2176 | D:2      | Gained mutation: You are dopey. (Int -2) [potion of
                  | mutation]
  2176 | D:2      | Gained mutation: Your flesh is cold resistant. (rC+)
                  | [potion of mutation]
  2290 | D:3      | Found a runed translucent gate.
  2290 | D:3      | Found a runed translucent gate.
  2290 | D:3      | Found a runed translucent gate.
  2332 | D:3      | Noticed zzzzzzzz's ghost (amateur OpFi)
  2535 | D:3      | Slain by a hound

Skill      XL: |  1  2  3 |
---------------+----------+-----
Maces & Flails | 2 3 |  3.8
Fighting       | |  1.0
Dodging        | |  2.6
Stealth        | |  3.0

Action                   |  1- 3 |  4- 6 || total
-------------------------+-------+-------++-------
Melee: Whip              |   245 |    72 ||   317
  Use: Potion            |     1 |     3 ||     4
       Scroll            |       |     1 ||     1
 Stab: Sleeping          |     5 |     2 ||     7
  Eat: Chunk             |     8 |     4 ||    12
Armor: Robe              |   100 |    30 ||   130
Dodge: Dodged            |   190 |    90 ||   280
